 Dungeon Crawl Stone Soup version 0.28.0-45-g0d030f2227 (webtiles) character file.

Game seed: 10069074742287543938

1008 101zpm the Covered (level 8, 0/49 HPs)
             Began as a Gargoyle Fighter on Apr 9, 2022.
             Slain by a vampire mosquito (5 damage)
             ... on level 4 of the Dungeon.
             The game lasted 00:08:36 (5807 turns).

101zpm the Covered (Gargoyle Fighter)               Turns: 5807, Time: 00:08:36

Health: 0/49       AC: 21    Str: 22    XL:     8   Next: 20%
Magic:  8/8        EV:  8    Int: 15    God:
Gold:   92         SH:  5    Dex: 15    Spells: 7/7 levels left

rFire   . . .      SeeInvis .   z - +2 whip (freeze)
rCold   + + .      Faith    .   c - +0 buckler
rNeg    + . .      Spirit   .   o - +1 chain mail of Cheibriados's Delight {rC++ Dex+6}
rPois   ∞          Reflect  .   (no helmet)
rElec   +          Harm     .   u - +0 cloak
rCorr   .          Rampage  .   l - +2 pair of gloves
Will    .....                   (no boots)
Stlth   ..........              r - amulet of magic regeneration
HPRegen 0.16/turn               t - +6 ring of intelligence
MPRegen 0.51/turn               (no ring)

@: no status effects
A: sickness immunity, AC +5, negative energy resistance 1, electricity
resistance, torment resistance 1, petrification resistance
a: no special abilities


You were on level 4 of the Dungeon.
You visited 1 branch of the dungeon, and saw 5 of its levels.

You collected 92 gold pieces.

Inventory:

Hand Weapons
 a - a +0 flail
 z - a +2 whip of freezing (weapon)
Missiles
 m - 7 poisoned darts (quivered)
Armour
 b - a +0 scale mail
 c - a +0 buckler (worn)
 l - a +2 pair of gloves (worn)
 o - the +1 chain mail of Cheibriados's Delight (worn) {rC++ Dex+6}
   (You found it on level 2 of the Dungeon)

   Dex:       It affects your dexterity (+6).
   rC:        It greatly protects you from cold.
 u - a +0 cloak (worn)
Jewellery
 r - an amulet of magic regeneration (around neck)
 t - a +6 ring of intelligence (left hand)
 y - a +4 ring of evasion
Wands
 w - a wand of iceblast (6)
 x - a wand of mindburst (11)
Scrolls
 f - a scroll of enchant armour {unknown}
 g - 3 scrolls of teleportation {unknown}
 h - 4 scrolls of identify {unknown}
 n - a scroll of holy word {unknown}
 q - a scroll of magic mapping {unknown}
 v - a scroll of immolation {unknown}
Potions
 d - 2 potions of might
 e - a potion of ambrosia {unknown}
 i - a potion of lignification {unknown}
 j - 3 potions of heal wounds {unknown}
 k - 2 potions of brilliance {unknown}
 p - a potion of haste {unknown}
 s - 2 potions of cancellation {unknown}


   Skills:
 + Level 5.0 Fighting
 + Level 5.4 Maces & Flails
 + Level 0.9 Throwing
 + Level 6.4 Armour
 + Level 2.0 Dodging
 + Level 1.1 Stealth
 + Level 4.9 Shields


You had 7 spell levels left.
You didn't know any spells.
Your spell library contained the following spells:

 Spells                   Type           Power      Damage    Failure   Level
 Ensorcelled Hibernation  Hex/Ice        0%         N/A       98%         2
 Passwall                 Tmut/Erth      0%         N/A       98%         2
 Conjure Flame            Conj/Fire      0%         6-21      100%        3
 Ignite Poison            Fire/Tmut/Pois 0%         N/A       100%        3
 Swiftness                Air            0%         N/A       100%        3
 Sticky Flame             Conj/Fire      0%         2d3       100%        4


Dungeon Overview and Level Annotations

Branches:
Dungeon (5/15)             Temple (0/1) D:5

Altars:
Kikubaaqudgha


Innate Abilities, Weirdness & Mutations

You are immune to sickness and miasma.
Your stone body is resilient. (AC +5)
You are immune to poison.
You resist negative energy. (rN+)
You are resistant to electric shocks. (rElec)
You are resistant to unholy torment.
You are immune to petrification.


Message History

You are too injured to fight recklessly!
You closely miss the vampire mosquito.
The vampire mosquito is lightly damaged.
The vampire mosquito bites you but does no damage.
You miss the vampire mosquito.
The vampire mosquito is lightly damaged.
The vampire mosquito bites you. x2
You hit the vampire mosquito. You freeze the vampire mosquito.
The vampire mosquito is lightly damaged.
The vampire mosquito bites you but does no damage.
The vampire mosquito closely misses you.
You miss the vampire mosquito.
The vampire mosquito is lightly damaged.
The vampire mosquito bites you but does no damage.
You hit the vampire mosquito. You freeze the vampire mosquito.
The vampire mosquito is moderately damaged.
The vampire mosquito completely misses you.
The vampire mosquito bites you but does no damage.
You hit the vampire mosquito. You freeze the vampire mosquito.
The vampire mosquito is heavily damaged.
The vampire mosquito bites you.
* * * LOW HITPOINT WARNING * * *
You miss the vampire mosquito.
The vampire mosquito is heavily damaged.
The vampire mosquito bites you but does no damage. x2
You hit the vampire mosquito. You freeze the vampire mosquito.
The vampire mosquito is heavily damaged.
The vampire mosquito bites you.
* * * LOW HITPOINT WARNING * * *
You whack the vampire mosquito! You freeze the vampire mosquito.
The vampire mosquito is almost destroyed.
The vampire mosquito bites you.
* * * LOW HITPOINT WARNING * * *
The vampire mosquito bites you but does no damage.
You miss the vampire mosquito.
The vampire mosquito is almost destroyed.
The vampire mosquito bites you.
* * * LOW HITPOINT WARNING * * *
The vampire mosquito bites you.
You die...

#...#######.###..#
.................#
#...........####.#
..........#.# #.#
.......#..#.####.##
.#..##.#..#.......#
.#..##.#..######..#
.#..##.#..######[.#
................@.#
.#..#..#..#######y# ....#..#..#
#.# .......#..# #.# .......#..#
#.#
.......)..#######.#############
####...#....[.................#
.......##########.#########.###
................#.# ####.#


You could see a vampire mosquito.

Vanquished Creatures
  Pikel (D:4)
  A vampire mosquito (D:4)
  2 ogres
  A scorpion (D:4)
  An orc wizard (D:4)
  A killer bee zombie (D:4)
  A gnoll (D:4)
  5 adders
  2 ufetubi (D:4)
  A worm (D:2)
  A dart slug (D:4)
  5 orcs
  6 bats
  12 endoplasms
  4 giant cockroaches (D:1)
  10 goblins
  2 hobgoblins (D:2)
  2 jackals (D:4)
  7 kobolds
  2 quokkas (D:2)
  10 ball pythons
  13 frilled lizards
  6 rats
96 creatures vanquished.

Vanquished Creatures (others)
  2 plants (D:1)
  3 withered plants (D:4)
5 creatures vanquished.

Grand Total: 101 creatures vanquished

Notes
Turn   | Place    | Note
-------+----------+-------------------------------------------
     0 | D:1      | 101zpm the Gargoyle Fighter began the quest for the Orb.
     0 | D:1      | Reached XP level 1. HP: 14/14 MP: 1/1
    96 | D:1      | Reached XP level 2. HP: 8/19 MP: 2/2
   904 | D:1      | Reached XP level 3. HP: 20/23 MP: 3/3
  2218 | D:2      | Reached skill level 1 in Dodging
  2218 | D:2      | Reached XP level 4. HP: 29/29 MP: 4/4
  2550 | D:2      | Identified the +1 chain mail of Cheibriados's Delight {rC++
                  | Dex+6}
  2740 | D:2      | Found a faded altar of an unknown god.
  3483 | D:4      | Reached skill level 4 in Armour
  3483 | D:4      | Reached XP level 5. HP: 33/33 MP: 5/5
  3493 | D:4      | Noticed an ogre
  4284 | D:4      | Found an ancient bone altar of Kikubaaqudgha.
  4405 | D:4      | Reached XP level 6. HP: 37/38 MP: 6/6
  5095 | D:4      | Noticed Pikel
  5142 | D:4      | Killed Pikel
  5143 | D:4      | Reached skill level 5 in Maces & Flails
  5143 | D:4      | Reached skill level 5 in Armour
  5143 | D:4      | Reached XP level 7. HP: 12/44 MP: 7/7
  5410 | D:5      | Entered Level 5 of the Dungeon
  5692 | D:5      | Reached skill level 6 in Armour
  5692 | D:5      | Reached XP level 8. HP: 35/48 MP: 8/8
  5777 | D:5      | Found a staircase to the Ecumenical Temple.
  5796 | D:4      | Reached skill level 5 in Fighting
  5796 | D:4      | Reached skill level 1 in Stealth
  5807 | D:4      | Slain by a vampire mosquito

Illustrated notes

Levels and vault maps discovered:
D:1:      dpeg_arrival_prison, layout_loops_corners, minivault_5,
          minmay_lizard_king
D:2:      minmay_alternating_diamond, layout_rooms, basic_ecumenical_altar,
          serial_co_window_serial, co_window_corner_a, co_window_paths_b,
          co_window_corner_a, co_window_paths_a, co_window_corner_a,
          co_window_broadway_c, co_window_cross_3, co_window_of_opportunity_b,
          co_window_sun, co_window_4corner_a, glass_columns_b, glass_columns_a,
          glass_columns_c, glass_columns_c
D:3:      layout_rooms
D:4:      minmay_evil_eye, layout_basic, kiku_gazebo_garden_becter, uniq_pikel
D:5:      layout_cave_pools, cheibriados_altar_1,
          minmay_temple_entry_statues_pillars, serial_shops,
          kennysheep_little_box, shop, nicolae_stop_n_shop_1,
          gammafunk_ghost_necromancy, st_stairs_10

Skill      XL: |  1  2  3  4  5  6  7  8 |
---------------+-------------------------+-----
Dodging        | 1 2 |  2.0
Maces & Flails | 3 4 5 |  5.4
Armour         | 4 5 6 |  6.4
Fighting       | 4 5 |  5.0
Shields        | 4 |  4.9
Stealth        | 1 |  1.1
Throwing       | |  0.9

Action                   |  1- 3 |  4- 6 |  7- 9 || total
-------------------------+-------+-------+-------++-------
Melee: Flail             |   124 |   178 |       ||   302
       Whip              |       |       |    31 ||    31
Throw: Dart              |       |     3 |    11 ||    14
Armor: Scale mail        |    84 |     4 |       ||    88
       Chain mail        |       |   139 |    21 ||   160
Dodge: Dodged            |    51 |    85 |    20 ||   156
Block: Buckler           |    28 |    54 |     3 ||    85
